 Dungeon Crawl Stone Soup version 0.25-a0-435-g4b9beb1024 (webtiles) character file.

Game seed: 100959047769999913, levelgen mode: classic

7386 EnegeticOcto the Fiendish (level 10, -1/91 HPs)
             Began as a Deep Dwarf Fighter on Jan 27, 2020.
             Was a Priest of Makhleb.
             Slain by a raiju (7 damage)
             ... on level 2 of the Abyss.
             The game lasted 00:06:33 (6035 turns).

EnegeticOcto the Fiendish (Deep Dwarf Fighter)      Turns: 6035, Time: 00:06:34

Health: -1/91      AC: 18    Str: 23    XL:     10   Next: 92%
Magic:  11/11      EV:  6    Int:  9    God:    Makhleb [***...]
Gold:   484        SH: 16    Dex: 12    Spells: 9/9 levels left

rFire    . . .     SeeInvis .   a - +1 war axe
rCold    . . .     Gourm    .   x - +0 large shield
rNeg     . . .     Faith    .   h - +0 plate armour
rPois    .         Spirit   .   f - +0 helmet
rElec    .         Reflect  .   B - scarf {cloud immunity}
rCorr    .         Harm     .   (no gloves)
MR       +....                  y - +2 pair of boots
Stlth    ..........             (no amulet)
HPRegen  0.00/turn              (no ring)
MPRegen  0.12/turn              (no ring)

@: non-regenerating
A: damage resistance, heal wounds, sense surroundings 2, no regeneration
a: Heal Wounds, Minor Destruction, Lesser Servant of Makhleb, Renounce Religion


You were on level 2 of the Abyss.
You worshipped Makhleb.
Makhleb was most pleased with you.
You were hungry.

You visited 1 branch of the dungeon, and saw 9 of its levels.
You visited the Abyss 1 time.

You collected 484 gold pieces.

Inventory:

Hand Weapons
 a - a +1 war axe (weapon)
Missiles
 D - 2 throwing nets (quivered)
Armour
 c - a +0 shield
 f - a +0 helmet (worn)
 h - a +0 plate armour (worn)
 x - a +0 large shield (worn)
 y - a +2 pair of boots (worn)
 B - a scarf of cloud immunity (worn)
Wands
 q - a wand of digging (5)
 w - a wand of enslavement (8)
 z - a wand of disintegration (18)
 E - a wand of iceblast (8)
Scrolls
 k - 2 scrolls of remove curse {@r2}
 n - 6 scrolls of teleportation {@r3}
 o - a scroll of fog
 s - 2 scrolls of amnesia
 F - a scroll of magic mapping {@r5}
Potions
 b - 2 potions of brilliance {unknown}
 d - a potion of might {@q3}
 g - a potion of resistance {unknown}
 i - 5 potions of berserk rage
 j - 4 potions of lignification {@q6}
 l - 3 potions of curing {unknown}
 m - 3 potions of flight
 r - 3 potions of agility {@q5}
 t - 3 potions of heal wounds {unknown}
 u - 2 potions of cancellation
 v - a potion of invisibility {unknown}
 A - a potion of magic {unknown}
 C - a potion of degeneration {unknown}
Comestibles
 e - 27 rations


   Skills:
 + Level 6.1 Fighting
 * Level 9.7 Axes
 + Level 7.4 Armour
 + Level 6.4 Dodging
 + Level 7.3 Shields
 * Level 10.4 Invocations


You had 9 spell levels left.
You didn't know any spells.
Your spell library was empty.

Dungeon Overview and Level Annotations

Branches:
Dungeon (9/15)             Temple (0/1) D:5            Lair (0/6) D:9
    Orc: D:9-12

Altars:
Gozag
Kikubaaqudgha
Makhleb
Nemelex Xobeh
Qazlal
Uskayaw
Vehumet
Yredelemnul
Zin

Shops:
D:4 (

Annotations:
D:9 Erolcha


Innate Abilities, Weirdness & Mutations

You are resistant to damage.
You can heal yourself by infusing magical energy.
You passively map the area around you.
You do not regenerate.


Message History

You hit the raiju.
You block the thrashing horror's attack. x2
The thrashing horror tramples you but does no damage. x2
The thrashing horror barely misses you.
You block the thrashing horror's attack.
The raiju barely misses you.
You closely miss the raiju.
The raiju is lightly wounded.
The thrashing horror roars! x2
The thrashing horror tramples you but does no damage.
You block the thrashing horror's attack. x2
The thrashing horror tramples you but does no damage.
The raiju barely misses you.
A chaos spawn comes into view.
The thrashing horror tramples you but does no damage. x2
You block the raiju's attack.
You closely miss the thrashing horror.
The thrashing horror is heavily damaged.
You slash the raiju! You closely miss the thrashing horror.
The thrashing horror tramples you!
You stumble backwards!
The thrashing horror tramples you.
You stumble backwards!
A starcursed mass splits.
The raiju bursts into living lightning!
The living lightning hits you!
The raiju blinks!
Found a trident.
You are too injured to fight recklessly!
You are too injured to fight recklessly!
You are too injured to fight recklessly!
You are too injured to fight recklessly!
You are too injured to fight recklessly!
You are too injured to fight recklessly!
You are too injured to fight recklessly!
You are too injured to fight recklessly!
You are too injured to fight recklessly!
You are too injured to fight recklessly!
You are too injured to fight recklessly!
You are too injured to fight recklessly!
You are too injured to fight recklessly! (m)acro, (M)acro raw, keymap [(k) default, (x) level-map, (t)argeting, (c)onfirm, m(e)nu], (s)ave?
Input macro trigger key: 1 Current Action: za.
Do you wish to (r)edefine, (c)lear, or (a)bort?
Input macro action: aa Created macro '1' => 'aa'. (m)acro, (M)acro raw, keymap [(k) default, (x) level-map, (t)argeting, (c)onfirm, m(e)nu], (s)ave? (Key replay ran out of keys) Input macro trigger key: 1 Current Action: aa Do you wish to (r)edefine, (c)lear, or (a)bort?
Input macro action: af Created macro '1' => 'af'.
You are too injured to fight recklessly!
You are too injured to fight recklessly!
You are too injured to fight recklessly!
You are too injured to fight recklessly!
You are too injured to fight recklessly!
You are too injured to fight recklessly!
You are too injured to fight recklessly!
You are too injured to fight recklessly!
You are too injured to fight recklessly!
You are too injured to fight recklessly!
You closely miss the raiju.
The raiju is moderately wounded.
The thrashing horror roars! x2
A starcursed mass splits.
The thrashing horror barely misses you.
You block the thrashing horror's attack.
The raiju bites you. The raiju shocks you!
* * * LOW HITPOINT WARNING * * *
You hit the raiju.
The raiju is heavily wounded.
You hit the thrashing horror. x2; The thrashing horror tramples you!
* * * LOW HITPOINT WARNING * * *
You hold your ground!
You block the thrashing horror's attack.
The thrashing horror tramples you.
* * * LOW HITPOINT WARNING * * *
You stumble backwards!
A starcursed mass splits.
You block the raiju's attack.
A starcursed mass splits.
An ice devil comes into view.
The thrashing horror roars!
You block the thrashing horror's attack. x2
The thrashing horror tramples you.
* * * LOW HITPOINT WARNING * * *
You hold your ground!
The thrashing horror tramples you but does no damage.
The raiju bites you but does no damage. The thrashing horror tramples you!
* * * LOW HITPOINT WARNING * * *
You hold your ground!
The thrashing horror tramples you but does no damage.
The thrashing horror tramples you!
* * * LOW HITPOINT WARNING * * *
You hold your ground!
The thrashing horror tramples you.
* * * LOW HITPOINT WARNING * * *
You stumble backwards!
You block the thrashing horror's attack.
The thrashing horror tramples you but does no damage.
The raiju bites you.
* * * LOW HITPOINT WARNING * * *
The raiju shocks you!
You die...

. . .#...# 4.. .
# #.#....# 4# .#.
# ...#X.##.# #.
#.#.X..#.## #. .
########...#.#
#..# # .
#......#XX..#
.... .## .##
.#..XX..#.)# . #
#.##...##.X...#
## # ##.
.#..#@h#.## .
#.#.#h.#.#..## #
4.......#..# # #
.ยง.#....#. .#..
. #
#..#.##..####.#.#
. .# # .# .##
.#.# . # .. .# ##
# # #... # # . .


You could see 5 starcursed masses, 2 thrashing horrors, an ice devil and a
raiju.

Vanquished Creatures
  A two-headed ogre (D:8)
  Erica (D:9)
  Pikel (D:6)
  A cyclops (D:8)
  Joseph (D:7)
  An orange demon (Abyss:2)
  Grinder (D:6)
  3 hippogriffs
  2 small abominations (Abyss:1)
  3 porcupines (D:9)
  2 ice beasts (D:5)
  3 orc warriors
  A sky beast (D:5)
  A black bear (D:9)
  5 ogres
  4 centaurs
  A big kobold (D:8)
  6 bullfrogs
  A scorpion (D:8)
  9 killer bees (D:7)
  4 hounds
  4 orc priests
  A jelly (D:5)
  9 orc wizards
  2 bullfrog skeletons
  A gnoll shaman (D:4)
  An iron imp (Abyss:2)
  Jessica (D:3)
  2 iguanas
  5 worker ants
  A hound skeleton (D:7)
  10 gnolls
  A howler monkey skeleton (D:8)
  9 adders
  A shadow imp (D:7)
  An ooze (D:2)
  An adder skeleton (D:6)
  2 worms (D:2)
  2 dart slugs
  3 leopard geckos
  25 orcs
  4 ball pythons
  5 giant cockroaches
  10 goblins
  4 hobgoblins
  7 jackals
  6 quokkas
  9 bats
  A frilled lizard (D:1)
  A jackal skeleton (D:7)
  13 kobolds
  6 rats
200 creatures vanquished.

Vanquished Creatures (others)
  An orc (D:6)
  A lurking horror (Abyss:2)
2 creatures vanquished.

Grand Total: 202 creatures vanquished

Notes
Turn   | Place    | Note
-------+----------+-------------------------------------------
     0 | D:1      | EnegeticOcto the Deep Dwarf Fighter began the quest for the
                  | Orb.
     0 | D:1      | Reached XP level 1. HP: 20/20 MP: 1/1
    46 | D:1      | Reached XP level 2. HP: 25/27 MP: 2/2
   403 | D:1      | Reached XP level 3. HP: 26/33 MP: 3/3
   787 | D:2      | Reached skill level 1 in Dodging
   857 | D:2      | Reached XP level 4. HP: 17/42 MP: 4/4
  1614 | D:3      | Found a stormy altar of Qazlal.
  1614 | D:3      | Found a hide-covered altar of Uskayaw.
  1615 | D:3      | Found a sparkling altar of Nemelex Xobeh.
  1617 | D:3      | Found an ancient bone altar of Kikubaaqudgha.
  1617 | D:3      | Found a burning altar of Makhleb.
  1617 | D:3      | Found an opulent altar of Gozag.
  1618 | D:3      | Found a radiant altar of Vehumet.
  1627 | D:3      | Became a worshipper of Makhleb the Destroyer
  1651 | D:3      | Reached XP level 5. HP: 36/49 MP: 4/4
  1666 | D:3      | Noticed Jessica
  1683 | D:3      | Killed Jessica
  1718 | D:3      | Reached skill level 1 in Invocations
  2470 | D:4      | Reached skill level 2 in Invocations
  2498 | D:4      | Reached XP level 6. HP: 28/56 MP: 6/6
  2581 | D:4      | Found Kayxuf's Weapon Shoppe.
  2762 | D:5      | Entered Level 5 of the Dungeon
  2864 | D:5      | Reached skill level 3 in Invocations
  2945 | D:5      | Reached XP level 7. HP: 56/63 MP: 7/7
  2982 | D:5      | Identified the cursed +3 flail of Conscience {vorpal, rF-
                  | rN+ Int+4}
  2990 | D:5      | Reached skill level 5 in Axes
  2995 | D:5      | Reached * piety under Makhleb
  3004 | D:5      | Reached skill level 4 in Invocations
  3126 | D:5      | Found a staircase to the Ecumenical Temple.
  3165 | D:5      | Reached skill level 5 in Shields
  3306 | D:5      | Reached XP level 8. HP: 67/72 MP: 9/9
  3599 | D:6      | Reached skill level 5 in Armour
  3599 | D:6      | Reached skill level 5 in Invocations
  3922 | D:6      | Noticed Grinder
  3933 | D:6      | Killed Grinder
  3986 | D:6      | Reached skill level 6 in Invocations
  4007 | D:6      | Reached ** piety under Makhleb
  4187 | D:6      | Noticed Pikel
  4197 | D:6      | Killed Pikel
  4197 | D:6      | Reached skill level 7 in Invocations
  4197 | D:6      | Gained mutation: You passively map the area around you.
                  | [Deep Dwarf growth]
  4197 | D:6      | Reached XP level 9. HP: 76/80 MP: 7/9
  4461 | D:7      | Noticed Joseph
  4484 | D:7      | Killed Joseph
  4534 | D:7      | Reached skill level 5 in Fighting
  4576 | D:7      | Reached skill level 5 in Dodging
  4619 | D:7      | Reached skill level 8 in Invocations
  4900 | D:7      | You fall into a shaft and drop 2 floors!
  4900 | D:9      | Noticed Erica
  4931 | D:9      | Killed Erica
  4931 | D:9      | Reached XP level 10. HP: 35/88 MP: 11/11
  4974 | D:9      | Reached skill level 9 in Invocations
  5136 | D:8      | Noticed a cyclops
  5162 | D:8      | Killed a cyclops
  5223 | D:8      | Noticed a two-headed ogre
  5235 | D:8      | Killed a two-headed ogre
  5380 | D:8      | Reached *** piety under Makhleb
  5384 | D:7      | Found a basalt altar of Yredelemnul.
  5384 | D:7      | Found a glowing silver altar of Zin.
  5465 | D:8      | Reached skill level 10 in Invocations
  5813 | D:9      | Noticed Erolcha
  5831 | D:9      | Cast into level 1 of the Abyss (Erolcha)
  5947 | Abyss:2  | Noticed an orange demon
  5960 | Abyss:2  | Killed an orange demon
  5975 | Abyss:2  | Noticed a thrashing horror
  6026 | Abyss:2  | Noticed a thrashing horror
  6029 | Abyss:2  | Noticed a starcursed mass
  6035 | Abyss:2  | Slain by a raiju

Levels and vault maps discovered:
D:1:      lightli_arrival_farm, layout_loops_ring, minmay_worlds_worst_comb
D:2:      layout_basic, first_ration, guppyfry_early_orc_mine
D:3:      layout_loops_cross, grunt_temple_overflow_open,
          minmay_fractal_squares_5, uniq_jessica
D:4:      layout_gridville, serial_shops, shop, minivault_1,
          kennysheep_generic_room_3
D:5:      layout_cave_pools, minmay_temple_entry_drinking_statues,
          grunt_decor_clamped
D:6:      layout_cave_pods, uniq_grinder, uniq_pikel
D:7:      layout_rooms, nicolae_overflow_hidden_temple, grunt_ogre_cave,
          uniq_joseph
D:8:      layout_basic, kennysheep_generic_room_5
D:9:      layout_irregular_city, kennysheep_little_box,
          grunt_lair_entry_orc_guard_hut, uniq_erolcha, uniq_erica
Abyss:2:  base: D:1, serial_sigils_hangedman_gut

Skill      XL: |  1  2  3  4  5  6  7  8  9 10 |
---------------+-------------------------------+-----
Dodging        | 1 2 3 4 5 6 |  6.4
Axes           | 3 4 5 7 8 9 |  9.7
Fighting       | 3 4 5 6 |  6.1
Shields        | 4 5 6 7 |  7.3
Invocations    | 2 3 4 7 8 10 | 10.4
Armour         | 4 5 6 7 |  7.4

Action                   |  1- 3 |  4- 6 |  7- 9 | 10-12 || total
-------------------------+-------+-------+-------+-------++-------
Melee: War axe           |    96 |   212 |   348 |   223 ||   879
 Abil: Heal Wounds       |     1 |     6 |    13 |    15 ||    35
  Use: Scroll            |       |     7 |     6 |     4 ||    17
  Eat: Chunk             |       |     7 |     7 |     4 ||    18
Armor: Scale mail        |    52 |    44 |       |       ||    96
       Chain mail        |       |    72 |    72 |       ||   144
       Plate armour      |       |       |   131 |   146 ||   277
Dodge: Dodged            |    38 |    64 |   134 |    76 ||   312
Block: Shield            |    77 |   142 |   237 |   106 ||   562
       Large shield      |       |       |       |    81 ||    81

Table legend:
 A = Non-vault XP
 B = Vault XP
 C = Vault XP percentage of total XP
 D = Non-vault monster count
 E = Vault monster count
 F = Vault count percentage of total count
                 A         B        C        D         E       F
            +---------+---------+-------+---------+---------+-------
      Total |    7511 |    3041 |  28.8 |     178 |      22 |  11.0
            +---------+---------+-------+---------+---------+-------
        D:1 |      39 |       4 |   9.3 |      23 |       2 |   8.0
        D:2 |     120 |      17 |  12.4 |      20 |       7 |  25.9
        D:3 |      51 |      40 |  44.0 |      15 |       3 |  16.7
        D:4 |     218 |       0 |   0.0 |      14 |       0 |   0.0
        D:5 |     938 |       0 |   0.0 |      22 |       0 |   0.0
        D:6 |     798 |     967 |  54.8 |      26 |       2 |   7.1
        D:7 |    1017 |     559 |  35.5 |      20 |       2 |   9.1
        D:8 |    2797 |      14 |   0.5 |      25 |       1 |   3.8
        D:9 |     764 |    1440 |  65.3 |       9 |       5 |  35.7
    Abyss:1 |     325 |       0 |   0.0 |       2 |       0 |   0.0
    Abyss:2 |     444 |       0 |   0.0 |       2 |       0 |   0.0
            +---------+---------+-------+---------+---------+-------
